Map: [G8] Ancient Cistern

Players

Elazer

  • Race: Zerg Zerg
  • Spawn Location: 1:00

Dark - Winner!

  • Race: Zerg Zerg
  • Spawn Location: 7:00

Event: Gamers8 2023

VOD

Have the link to the VOD?

Description

Time

  • Played on: Aug. 3, 2023, 11:23 a.m.
  • Length: 5:28

All games in this series

Show
View Real Time Build Order
Export as new Build Order

Elazer Zerg 

Build Orders: Hatch First 

Get SALT Encoding   

  12  0:00  Drone  
  13  0:12  Overlord  
  13  0:17  Drone  
  14  0:30  Drone x2  
  16  0:47  Hatchery  
  15  0:51  Drone  
  15  0:55  Drone  
  17  0:57  Drone  
  18  1:09  Extractor  
  17  1:12  Spawning Pool  
  17  1:15  Drone  
  17  1:18  Drone  
  18  1:27  Drone  
  19  1:38  Drone  
  20  1:49  Drone  
  21  1:59  Queen x2  
  21  2:00  Zergling x2, Overlord  
  26  2:08  Metabolic Boost  
  26  2:10  Drone x2  
  29  2:22  Zergling x2  
  29  2:23  Drone  
  30  2:32  Drone x2  
  30  2:37  Hatchery  
  31  2:43  Drone x2  
  33  2:49  Baneling Nest  
  32  2:52  Drone  
  32  2:53  Overlord  
  33  3:03  Drone  
  33  3:04  Drone  
  35  3:11  Overlord  
  35  3:12  Drone  
  36  3:13  Zergling x8  
  36  3:19  Queen  
  42  3:29  Drone x2  
  44  3:35  Drone x2  
  44  3:41  Drone x2  
  48  3:42  Drone x4  
  48  3:44  Overlord  
  52  3:49  Overlord  
  52  3:51  Drone  
  53  3:56  Roach Warren  
  53  3:58  Drone x2  
  53  4:05  Overlord  
  53  4:09  Extractor, Drone  
  52  4:11  Drone x3  
  52  4:13  Baneling x2, Zergling x2  
  52  4:14  Zergling x2  
  57  4:18  Zergling x4  
  57  4:21  Zergling x6  
  57  4:23  Zergling x2  
  63  4:26  Lair  
  63  4:34  Baneling x2  
  63  4:42  Roach x5  
  65  4:47  Zergling x2  
  59  4:53  Roach  
  59  4:54  Roach x2  
  49  5:07  Roach  
  49  5:08  Zergling x14  
  48  5:20  Ravager  
Show
View Real Time Build Order
Export as new Build Order

Dark Zerg - Winner!

Build Orders: Hatch First, Zergling Baneling 

Get SALT Encoding   

  12  0:00  Drone  
  13  0:12  Overlord  
  13  0:16  Drone  
  14  0:30  Drone x2  
  16  0:47  Hatchery  
  15  0:50  Drone  
  15  0:53  Drone  
  15  0:57  Drone  
  18  1:07  Extractor  
  17  1:12  Spawning Pool  
  17  1:15  Drone  
  17  1:18  Drone  
  18  1:27  Drone  
  19  1:38  Drone  
  20  1:49  Overlord  
  20  1:59  Queen x2  
  20  2:00  Zergling x2, Drone  
  26  2:09  Drone  
  26  2:10  Drone  
  26  2:11  Metabolic Boost  
  28  2:21  Drone  
  29  2:23  Drone  
  30  2:32  Drone  
  30  2:34  Zergling x2  
  32  2:39  Hatchery  
  31  2:45  Queen  
  33  2:54  Baneling Nest  
  33  2:56  Drone  
  33  2:58  Overlord  
  33  3:01  Drone  
  33  3:03  Drone  
  33  3:05  Drone  
  36  3:17  Drone x4  
  36  3:19  Overlord  
  40  3:28  Drone x2  
  40  3:29  Zergling x4  
  44  3:39  Zergling x2, Baneling  
  45  3:45  Extractor  
  45  3:47  Overlord  
  44  3:48  Zergling x6  
  44  3:51  Zergling x2  
  44  3:54  Zergling x4  
  44  3:55  Zergling x4  
  52  4:01  Overlord  
  52  4:04  Zergling x4  
  54  4:11  Zergling x6  
  54  4:15  Baneling x5  
  56  4:18  Zergling x4  
  56  4:23  Zergling x4  
  60  4:26  Zergling x6  
  60  4:27  Zergling x2  
  60  4:28  Zergling x4  
  60  4:29  Zergling x2  
  67  4:33  Baneling x2  
  67  4:34  Baneling x2  
  67  4:44  Zergling x8  
  66  4:50  Zergling x6, Roach Warren  
  66  4:51  Baneling  
  66  4:54  Zergling x2  
  66  4:57  Zergling x4  
  65  5:04  Zergling x8  
  65  5:07  Zergling x2  
  65  5:10  Zergling x4  
Tags
 
Add a new tag
Caveats
  • Supply blocks, unpowered buildings, or Contaminate may cause inaccurate times.
  • Supply counts are checked every 10 seconds.